cohdb
Replays
Latest Replays
All Replays
Popular Replays
Top Player Replays
Match Explorer
How It Works
Community
CoH3 Stats
Reddit
Sign in to upload your games and track your stats! →
Sign in with Steam
Match 43306289
Unlisted
Match 43306289
Overview
Messages
Build Orders
End
Construct Infanterie Kompanie
Pioneer Squad
Selects Mechanized Battlegroup
Grenadier Squad
Grenadier Squad
MG 42 Machine Gun Team
MG 42 Machine Gun Team
Grenadier Squad
Construct Luftwaffe Kompanie
Jäger Squad
Flak 30 Anti-aircraft Gun Team
Selects Raid Package
Selects StuG Assault Group
StuG Assault Group
Medical Bunker
Selects Panther Heavy Tank
Panther Heavy Tank
Freydal
woof_raff
0
0
Comments
sign in to comment!
No comments posted yet!